 Dungeon Crawl Stone Soup version 0.17-a0-1954-g0dddeaa (webtiles) character file.

7374 QuantumQ the Cleaver (level 10, -1/92 HPs)
             Began as a Deep Dwarf Wanderer on Oct 3, 2015.
             Was an Elder of Makhleb.
             Slain by a troll (5 damage)
             ... on level 3 of the Orcish Mines.
             The game lasted 00:28:02 (4696 turns).

QuantumQ the Cleaver (Deep Dwarf Wanderer)          Turns: 4696, Time: 00:28:03

Health: -1/92      AC: 17    Str: 19    XL:     10   Next: 91%
Magic:  8/8        EV:  9    Int: 11    God:    Makhleb [****..]
Gold:   841        SH:  0    Dex: 14    Spells: 0 memorised, 16 levels left

rFire  . . .     SeeInvis .     a - +2 war axe (chop)
rCold  + . .     Clarity  .     y - +0 plate armour
rNeg   . . .     SustAt   .     (no shield)
rPois  .         Gourm    .     (no helmet)
rElec  .         Spirit   .     (no cloak)
rCorr  .         Warding  .     t - +0 pair of gloves
rMut   +         Stasis   .     (no boots)
MR     +....                    K - amulet of resist mutation
Stlth  ..........               n - +3 ring of protection
                                A - ring of protection from cold

@: non-regenerating, somewhat resistant to hostile enchantments, extremely
unstealthy
A: damage resistance, recharge devices, talons 1, sense surroundings 2, slow
healing 3
a: Device Recharging, Minor Destruction, Lesser Servant of Makhleb, Major
Destruction, Renounce Religion


You were on level 3 of the Orcish Mines.
You worshipped Makhleb.
Makhleb was greatly pleased with you.
You were not hungry.

You visited 2 branches of the dungeon, and saw 13 of its levels.

You collected 1011 gold pieces.
You spent 170 gold pieces at shops.

Inventory:

Hand weapons
 a - a +2 war axe of chopping (weapon)
 z - a +0 battleaxe
 R - a +0 broad axe
Missiles
 j - 2 throwing nets
 o - 9 javelins (quivered)
 O - 19 poisoned needles
Armour
 t - a +0 pair of gloves (worn)
 y - a +0 plate armour (worn)
Jewellery
 g - an uncursed ring of ice
 i - an uncursed ring of stealth
 n - a +3 ring of protection (right hand)
 A - a ring of protection from cold (left hand)
 D - an uncursed amulet of stasis
 I - an uncursed ring of see invisible
 K - an amulet of resist mutation (around neck)
 Q - an uncursed ring of sustain attributes
Magical devices
 c - a wand of fireball (8)
 h - a wand of heal wounds (5)
 l - a wand of cold (11)
 r - a wand of enslavement (10)
 u - a wand of cold (4)
 x - a wand of digging (18)
 B - a wand of paralysis (4)
 L - a wand of cold (3)
Scrolls
 m - a scroll of enchant weapon
 p - 6 scrolls of remove curse
 q - 2 scrolls of enchant armour
 v - 2 scrolls of teleportation
 E - a scroll of fog {unknown}
 F - a scroll of magic mapping {unknown}
 G - a scroll of identify
 H - 2 scrolls of amnesia {unknown}
 M - 4 scrolls of fear
Potions
 b - 2 potions of lignification
 d - 4 potions of curing
 e - 2 potions of haste
 k - 2 potions of flight
 C - 2 potions of magic
 J - 3 potions of heal wounds
 P - 2 potions of cure mutation
Comestibles
 f - 3 bread rations
 w - 10 chunks of flesh


   Skills:
 + Level 6.5 Fighting
   Level 1.7 Short Blades
 + Level 12.4 Axes
 * Level 6.7 Armour
 * Level 7.0 Dodging
 - Level 2.4 Stealth
   Level 1.1 Shields
 - Level 3.6 Spellcasting
 + Level 3.3 Invocations
 - Level 1.3 Evocations


You had 16 spell levels left.
You didn't know any spells.

Dungeon Overview and Level Annotations

Branches:
Dungeon (10/15)              Lair (0/8) D:8             Orc (3/4) D:9
    Elf (0/3) Orc:3
 Temple: D:4-7

Altars:
Makhleb
Xom
The Shining One
Beogh

Shops:
D:7 [   D:10 !

Annotations:
D:10 Maud


Innate Abilities, Weirdness & Mutations

You are resistant to damage.
You can recharge devices by infusing magical energy.
You passively map the area around you.
You do not heal naturally.
You have sharp toenails.


Message History

* * * LOW HITPOINT WARNING * * *
The warg completely misses you.
You are too injured to fight recklessly!
You are too injured to fight recklessly!
Unknown command.
You are too injured to fight recklessly!
Unknown command.
You closely miss the orc warrior. Your kick misses the orc warrior.
You slash the warg!
The warg is almost dead.
You barely miss the orc warrior.
The orc warrior is moderately wounded.
You hit the troll.
The troll is heavily wounded.
The troll bites you!
* * * LOW HITPOINT WARNING * * *
The troll claws you!
* * * LOW HITPOINT WARNING * * *
The troll claws you.
You die...

≈...)###.#........##
≈≈..##
#.#.......#.## ≈≈..#
*#....#.)#....#
≈..##
#..#.#........# ...#
#.......(.....##
...#
#.......(......#
..##
........._.....# ###
..#......[)(...# ,
..#..#..o@)...# * #
*,.....##.hoT.....#
# *
..#.##..)o....... #
...#............#*
,................
,,...............*
** ...............*
, *..............# *
* , , , , *


You could see a troll, a warg, 2 orc warriors and an orc.

Vanquished Creatures
  Erolcha (Orc:1)
  2 orc sorcerers
  Prince Ribbit (D:7)
  5 yaks (D:9)
  A wraith (D:9)
  A wyvern (D:9)
  A hungry ghost (D:8)
  A warg (Orc:1)
  2 sky beasts
  2 ice beasts
  9 orc warriors
  8 ogres
  A black bear (D:10)
  2 wasps (D:9)
  2 centaurs
  2 big kobolds (D:8)
  3 giant frogs
  A wyvern skeleton (D:10)
  3 scorpions
  A water moccasin skeleton (D:6)
  10 killer bees
  2 hounds
  9 orc wizards
  A giant frog skeleton (D:5)
  4 orc priests
  Jessica (D:2)
  A centaur skeleton (D:4)
  3 iguanas
  3 worker ants
  A hound zombie (D:6)
  The ghost of Ace the Chiller, a weakling DrIE (D:3)
  A hound skeleton (D:6)
  2 gnolls
  7 adders
  An adder zombie (D:8)
  A worm (D:3)
  77 orcs
  3 goblins
  10 hobgoblins
  3 jackals (D:2)
  A quokka (D:3)
  3 bats
  6 giant cockroaches
  A giant gecko (D:3)
  A giant gecko skeleton (D:7)
  4 giant newts
  14 kobolds
  8 rats
228 creatures vanquished.

Vanquished Creatures (collateral kills)
  2 orc warriors (Orc:3)
  4 orc priests (Orc:3)
  An orc wizard (Orc:3)
  13 orcs (Orc:3)
20 creatures vanquished.

Vanquished Creatures (others)
  A giant frog zombie (D:6)
  3 fungi (D:8)
4 creatures vanquished.

Grand Total: 252 creatures vanquished

Notes
Turn   | Place    | Note
--------------------------------------------------------------
     0 | D:1      | QuantumQ the Deep Dwarf Wanderer began the quest for the Orb.
     0 | D:1      | QuantumQ set off with: a +2 short sword, 2 potions of lignification, a +0 robe, a +0 dagger, a wand of heal wounds (5), a bread ration, a !bad item (cl:100,ty:0,pl:0,pl2:0,sp:0,qu:0), a !bad item (cl:100,ty:0,pl:0,pl2:0,sp:0,qu:0), a !bad item (cl:100,ty:0,pl:0,pl2:0,sp:0,qu:0), a !bad item (cl:100,ty:0,pl:0,pl2:0,sp:0,qu:0), a !bad item (cl:100,ty:0,pl:0,pl2:0,sp:0,qu:0), a !bad item (cl:100,ty:0,pl:0,pl2:0,sp:0,qu:0), a !bad item (cl:100,ty:0,pl:0,pl2:0,sp:0,qu:0), a !bad item (cl:100,ty:0,pl:0,pl2:0,sp:0,qu:0), a !bad item (cl:100,ty:0,pl:0,pl2:0,sp:0,qu:0), a !bad item (cl:100,ty:0,pl:0,pl2:0,sp:0,qu:0), a !bad item (cl:100,ty:0,pl:0,pl2:0,sp:0,qu:0), a !bad item (cl:100,ty:0,pl:0,pl2:0,sp:0,qu:0), a !bad item (cl:100,ty:0,pl:0,pl2:0,sp:0,qu:0), a !bad item (cl:100,ty:0,pl:0,pl2:0,sp:0,qu:0), a !bad item (cl:100,ty:0,pl:0,pl2:0,sp:0,qu:0), a !bad item (cl:100,ty:0,pl:0,pl2:0,sp:0,qu:0), a !bad item (cl:100,ty:0,pl:0,pl2:0,sp:0,qu:0), a !bad item (cl:100,ty:0,pl:0,pl2:0,sp:0,qu:0), a !bad item (cl:100,ty:0,pl:0,pl2:0,sp:0,qu:0), a !bad item (cl:100,ty:0,pl:0,pl2:0,sp:0,qu:0), a !bad item (cl:100,ty:0,pl:0,pl2:0,sp:0,qu:0), a !bad item (cl:100,ty:0,pl:0,pl2:0,sp:0,qu:0), a !bad item (cl:100,ty:0,pl:0,pl2:0,sp:0,qu:0), a !bad item (cl:100,ty:0,pl:0,pl2:0,sp:0,qu:0), a !bad item (cl:100,ty:0,pl:0,pl2:0,sp:0,qu:0), a !bad item (cl:100,ty:0,pl:0,pl2:0,sp:0,qu:0), a !bad item (cl:100,ty:0,pl:0,pl2:0,sp:0,qu:0), a !bad item (cl:100,ty:0,pl:0,pl2:0,sp:0,qu:0), a !bad item (cl:100,ty:0,pl:0,pl2:0,sp:0,qu:0), a !bad item (cl:100,ty:0,pl:0,pl2:0,sp:0,qu:0), a !bad item (cl:100,ty:0,pl:0,pl2:0,sp:0,qu:0), a !bad item (cl:100,ty:0,pl:0,pl2:0,sp:0,qu:0), a !bad item (cl:100,ty:0,pl:0,pl2:0,sp:0,qu:0), a !bad item (cl:100,ty:0,pl:0,pl2:0,sp:0,qu:0), a !bad item (cl:100,ty:0,pl:0,pl2:0,sp:0,qu:0), a !bad item (cl:100,ty:0,pl:0,pl2:0,sp:0,qu:0), a !bad item (cl:100,ty:0,pl:0,pl2:0,sp:0,qu:0), a !bad item (cl:100,ty:0,pl:0,pl2:0,sp:0,qu:0), a !bad item (cl:100,ty:0,pl:0,pl2:0,sp:0,qu:0), a !bad item (cl:100,ty:0,pl:0,pl2:0,sp:0,qu:0), a !bad item (cl:100,ty:0,pl:0,pl2:0,sp:0,qu:0), a !bad item (cl:100,ty:0,pl:0,pl2:0,sp:0,qu:0), a !bad item (cl:100,ty:0,pl:0,pl2:0,sp:0,qu:0), a !bad item (cl:100,ty:0,pl:0,pl2:0,sp:0,qu:0), a !bad item (cl:100,ty:0,pl:0,pl2:0,sp:0,qu:0), a !bad item (cl:100,ty:0,pl:0,pl2:0,sp:0,qu:0)
     0 | D:1      | Reached XP level 1. HP: 21/21 MP: 2/2
   110 | D:1      | Reached skill level 1 in Dodging
   121 | D:1      | Reached XP level 2. HP: 16/30 MP: 3/3
   282 | D:2      | Reached skill level 4 in Fighting
   282 | D:2      | Reached skill level 1 in Armour
   282 | D:2      | Reached XP level 3. HP: 30/36 MP: 4/4
   353 | D:2      | Noticed Jessica
   360 | D:2      | Killed Jessica
   511 | D:3      | Reached XP level 4. HP: 34/44 MP: 5/5
   551 | D:3      | Noticed Ace's ghost (weakling DrIE)
   598 | D:3      | Found a shimmering altar of Xom.
   697 | D:3      | Killed Ace's ghost
   697 | D:3      | Reached skill level 1 in Axes
   817 | D:4      | Reached XP level 5. HP: 34/50 MP: 6/6
   902 | D:4      | Noticed an ogre
   941 | D:4      | Killed an ogre
   941 | D:4      | Reached skill level 5 in Axes
   941 | D:4      | Reached XP level 6. HP: 29/57 MP: 7/7
  1313 | D:4      | Reached skill level 6 in Axes
  1436 | D:5      | Entered Level 5 of the Dungeon
  1443 | D:5      | Reached XP level 7. HP: 38/64 MP: 7/7
  1523 | D:5      | Reached skill level 7 in Axes
  1565 | D:5      | Found a glowing golden altar of the Shining One.
  1813 | D:6      | Reached skill level 8 in Axes
  2048 | D:7      | Found Zossubuy's Armour Shoppe.
  2076 | D:7      | Noticed Prince Ribbit
  2092 | D:7      | Killed Prince Ribbit
  2092 | D:7      | Reached skill level 9 in Axes
  2092 | D:7      | Reached XP level 8. HP: 46/72 MP: 7/7
  2118 | D:7      | Found a burning altar of Makhleb.
  2127 | D:7      | Became a worshipper of Makhleb the Destroyer
  2166 | D:8      | Found a staircase to the Lair.
  2211 | D:8      | Reached skill level 10 in Axes
  2282 | D:8      | Reached skill level 11 in Axes
  2419 | D:8      | Reached skill level 1 in Spellcasting
  2547 | D:8      | Gained mutation: You passively map the area around you. [Deep Dwarf growth]
  2547 | D:8      | Reached XP level 9. HP: 21/79 MP: 7/7
  2548 | D:8      | Acquired Makhleb's first power
  2596 | D:8      | Gained mutation: You have sharp toenails. [mutagenic meat]
  2668 | D:9      | Found a staircase to the Orcish Mines.
  2749 | D:9      | Reached skill level 5 in Fighting
  3098 | D:9      | Reached skill level 5 in Dodging
  3103 | D:9      | Acquired Makhleb's second power
  3150 | D:9      | Found a roughly hewn altar of Beogh.
  3211 | D:10     | Entered Level 10 of the Dungeon
  3223 | D:10     | Reached XP level 10. HP: 45/91 MP: 9/9
  3375 | D:9      | Reached skill level 5 in Armour
  3416 | D:9      | Reached skill level 12 in Axes
  3497 | D:10     | Found Ybbas's Distillery.
  3502 | D:10     | Bought a potion of heal wounds for 50 gold pieces
  3502 | D:10     | Bought 2 potions of curing for 60 gold pieces
  3502 | D:10     | Bought a potion of curing for 30 gold pieces
  3502 | D:10     | Bought a potion of curing for 30 gold pieces
  3526 | D:10     | Noticed Maud
  3620 | Orc:1    | Entered Level 1 of the Orcish Mines
  3679 | Orc:1    | Acquired Makhleb's third power
  3935 | Orc:2    | Found a roughly hewn altar of Beogh.
  3947 | Orc:2    | Noticed an orc sorcerer
  3991 | Orc:2    | Paralysed by an orc sorcerer for 6 turns
  4005 | Orc:1    | Killed an orc sorcerer
  4005 | Orc:1    | Reached skill level 1 in Invocations
  4102 | Orc:1    | Noticed Erolcha
  4117 | Orc:1    | Killed Erolcha
  4133 | Orc:1    | Found a roughly hewn altar of Beogh.
  4251 | Orc:2    | Acquired Makhleb's fourth power
  4413 | Orc:3    | Noticed an orc sorcerer
  4424 | Orc:3    | Killed an orc sorcerer
  4500 | Orc:3    | HP: 4/92 [orc priest/trident (3)]
  4652 | Orc:3    | Found a staircase to the Elven Halls.
  4661 | Orc:3    | Found a burning altar of Makhleb.
  4696 | Orc:3    | HP: 4/92 [troll (8)]
  4696 | Orc:3    | Slain by a troll

Vault maps used:
D:1:      minmay_arrival_semitransparent
D:2:      bloody_trog, uniq_natasha, uniq_sigmund, uniq_jessica
D:3:      lemuel_round_altar, minitemple, first_bread, hangedman_glass_teeth
D:4:      minmay_crystal_room, kennysheep_diamond
D:5:      kiku_gazebo_pond_becter, nicolae_qazlal_eye_of_the_storm,
          lemuel_crystal_altar, serial_shops, nicolae_shop_overgrown_old_shop
D:6:      lemuel_temple_firewalk_marked, minmay_splitting_lines,
          kennysheep_flooded_box, okawaru_gym_becter, uniq_crazy_yiuf_cottage,
          uniq_blork_the_orc
D:7:      bloody_makhleb, serial_shops, nicolae_shop_statue_plus,
          uniq_prince_ribbit1
D:8:      dpeg_oklobed_lair, special_room
D:9:      orc_0_dummy, special_room
D:10:     serial_shops, nicolae_shop_stone, uniq_maud, uniq_snorg
Orc:1:    basic_altar, uniq_erolcha
Orc:2:    nicolae_orc_flooded_monolith, mines2_david
Orc:3:    basic_altar, nicolae_orc_pool_cavern, bh_open_orc_temple

Action                   |  1- 3 |  4- 6 |  7- 9 | 10-12 || total
-------------------------+-------+-------+-------+-------++-------
Melee: Short sword       |    86 |    12 |       |       ||    98
       Hand axe          |       |   108 |       |       ||   108
       War axe           |       |    79 |   301 |   278 ||   658
Throw: Javelin           |       |       |     6 |     3 ||     9
Invok: Lesser Servant of |       |       |       |     3 ||     3
 Abil: Device Recharging |       |     1 |     4 |     2 ||     7
Evoke: Wand              |     1 |     4 |    19 |    13 ||    37
  Use: Scroll            |     1 |     5 |     6 |     3 ||    15
       Potion            |       |     1 |     1 |     2 ||     4
 Stab: Sleeping          |     3 |     1 |       |       ||     4
  Eat: Chunk             |       |     2 |    11 |     6 ||    19
       Bread ration      |       |       |     1 |       ||     1
       Beef jerky        |       |       |     1 |       ||     1
